AoeStats
← ELPURE

Arabia

506487876Analyzed
1v1 RM · 18d ago on Sep 13, 2026· 45m 13s· 2 players
Game mode
Random Map
Map size
Tiny (2 player)
Population
200
Speed
Normal
Resources
Standard
Victory
Conquest
Starting age
Dark Age
Ending age
Imperial Age
RankedLock teamsTeams togetherTeam positionsShared explorationLock speedFull tech treeHidden civsTurbo modeCheats
Victory
Defeat
🇺🇸 Vietnamese · United States
1924
+20
🇺🇸 Maya · United States
2015
-20
ELPURE
6:41 Loom
9:14 Feudal Age
9:23 Man-at-Arms
12:21 Double-Bit Axe
16:54 Fletching
17:57 Horse Collar
22:38 Castle Age
20:56 Padded Archer Armor
21:33 Scale Mail Armor
22:55 Elite Skirmisher
23:45 Bodkin Arrow
23:36 Long Swordsman
27:11 Squires
29:32 Leather Archer Armor
32:03 Ballistics
33:29 Wheelbarrow
33:16 Bow Saw
43:07 Imperial Age
42:28 Chain Mail Armor
43:21 Forging
43:38 Arson
43:17 Elite Fire Lancer
44:29 Plate Mail Armor
Kalamalahala
0:25 Loom
8:40 Feudal Age
9:21 Double-Bit Axe
15:28 Fletching
17:19 Wheelbarrow
21:53 Castle Age
20:58 Padded Archer Armor
22:30 Bodkin Arrow
22:46 Elite Skirmisher
25:02 Leather Archer Armor
28:31 Ballistics
31:21 Bow Saw
30:52 Horse Collar
33:20 Hand Cart
34:24 Town Watch
37:40 Imperial Age
36:38 Crossbowman
36:53 Eagle Warrior
38:00 Squires
37:44 Crossbowman
38:26 Bracer
39:26 Scale Mail Armor
41:14 Chain Mail Armor
43:35 Crossbowman
46:19 Chemistry
Connection lost

Rejoining the realm…

Still unreachable

The connection could not be restored.

Session expired

The server has moved on; the page needs a fresh start.